 Dungeon Crawl Stone Soup version 0.24.0-13-gcf9b319 (webtiles) character file.

Game seed: 6162771084198161621, levelgen mode: deterministic

54602 Fang the Fighter (level 14, -3/94 HPs)
             Began as a Gargoyle Berserker on Nov 19, 2019.
             Was a High Priest of Trog.
             Slain by a six-headed hydra (9 damage)
             ... on level 5 of the Lair of Beasts.
             The game lasted 00:26:56 (18006 turns).

Fang the Fighter (Gargoyle Berserker)              Turns: 18006, Time: 00:26:57

Health: -3/94      AC: 37    Str: 25    XL:     14   Next: 73%
Magic:  14/14      EV: 13    Int:  9    God:    Trog [*****.]
Gold:   1132       SH: 13    Dex: 18    Spells: 13/13 levels left

rFire    . . .     SeeInvis +   v - +9 mace of War {flame, rC+ Stlth+}
rCold    + . .     Gourm    .   k - +0 shield
rNeg     + . .     Faith    .   b - +4 plate armour
rPois    ∞         Spirit   .   G - +3 helmet of Kine {*Drain rElec rC- SInv}
rElec    +         Reflect  .   p - +2 cloak
rCorr    +         Harm     .   s - +2 pair of gloves
MR       +....                  L - -6 pair of boots "Zofud" {rPois Dex+2 Stlth-}
Stlth    ..........             K - amulet of regeneration
HPRegen  0.65/turn              M - ring of Asiqim {*Slow rC+ Dex+7 Slay+2 Stlth+}
MPRegen  0.14/turn              w - ring "Coyrchef" {rCorr Slay+3}

@: berserk cooldown, flying, slowed, very slow
A: big wings, negative energy resistance 1, electricity resistance, unbreathing,
petrification resistance, rot immunity, AC +10
a: Stop Flying, Berserk, Trog's Hand, Brothers in Arms, Renounce Religion


You were on level 5 of the Lair of Beasts.
You worshipped Trog.
Trog was extremely pleased with you.
You were very hungry.

You visited 4 branches of the dungeon, and saw 20 of its levels.
You also visited: Gauntlet.

You collected 1132 gold pieces.

Inventory:

Hand Weapons
 a - a +2 broad axe of freezing
 v - the +9 mace of War (weapon) {flame, rC+ Stlth+}
   (You found it on level 12 of the Dungeon)

   It has been specially enchanted to burn those struck by it, causing extra
   injury to most foes and up to half again as much damage against particularly
   susceptible opponents.
   It protects you from cold.
   It makes you more stealthy.
 I - the +10 morningstar "Eos" {elec, Halo rElec}
   (You found it on level 4 of the Dungeon)

   Occasionally, upon striking a foe, it will discharge some electrical energy
   and cause terrible harm.
   It insulates you from electricity.
Armour
 b - a +4 plate armour (worn)
 k - a +0 shield (worn)
 p - a +2 cloak (worn)
 s - a +2 pair of gloves (worn)
 G - the +3 helmet of Kine (worn) {*Drain rElec rC- SInv}
   (You found it in a Gauntlet)

   It makes you vulnerable to cold.
   It insulates you from electricity.
   It lets you see invisible.
   It causes draining when unequipped.
 H - a +2 pair of boots of stealth
 L - the -6 pair of boots "Zofud" (worn) {rPois Dex+2 Stlth-}
   (You found it in a Gauntlet)

   It affects your dexterity (+2).
   It protects you from poison.
   It makes you less stealthy.
 Q - the cursed +1 plate armour "Mual" {*Slow Int-5 Dex+10 Stlth+}
   (You took it off a minotaur in a Gauntlet)

   It affects your intelligence (-5).
   It affects your dexterity (+10).
   It may slow you when you take damage.
   It makes you more stealthy.
   It has a curse placed upon it.
Jewellery
 w - the ring "Coyrchef" (right hand) {rCorr Slay+3}
   (You found it in a Gauntlet)

   [ring of resist corrosion]

   It affects your accuracy and damage with ranged weapons and melee attacks
   (+3).
   It provides partial protection from all sources of acid and corrosion.
 B - an uncursed ring of protection from cold
 K - an amulet of regeneration (around neck)
 M - the ring of Asiqim (left hand) {*Slow rC+ Dex+7 Slay+2 Stlth+}
   (You took it off a minotaur in a Gauntlet)

   [ring of stealth]

   It affects your dexterity (+7).
   It affects your accuracy and damage with ranged weapons and melee attacks
   (+2).
   It protects you from cold.
   It may slow you when you take damage.
   It makes you more stealthy.
Wands
 d - a wand of acid (11)
 e - a wand of iceblast (19)
 y - a wand of random effects (40)
 J - a wand of polymorph (9)
 N - a wand of scattershot (10)
Scrolls
 f - 11 scrolls of remove curse
 h - 2 scrolls of fog
 i - 2 scrolls of identify
 n - 5 scrolls of fear
 u - 2 scrolls of blinking
 z - 5 scrolls of teleportation
 C - 2 scrolls of magic mapping
Potions
 g - 3 potions of heal wounds
 j - 6 potions of berserk rage
 l - a potion of ambrosia
 m - 15 potions of curing
 r - 6 potions of haste
 t - a potion of magic
 x - 7 potions of might
 A - 5 potions of agility
 D - a potion of cancellation
Comestibles
 c - 20 rations
 o - 11 chunks of flesh


   Skills:
 + Level 13.0 Fighting
 + Level 11.2 Axes
 + Level 12.8 Armour
 + Level 10.2 Dodging
 + Level 11.1 Shields


You had 13 spell levels left.
You didn't know any spells.
Your spell library was empty.

Dungeon Overview and Level Annotations

Branches:
Dungeon (12/15)            Temple (1/1) D:4            Lair (6/6) D:9
 Shoals (0/4) Lair:2       Spider (1/4) Lair:3          Orc (0/2) D:9
Gauntlet (visited)
  Slime: Lair:5-6

Altars:
Ashenzari
Cheibriados
Dithmenos
Elyvilon
Fedhas
Gozag
Hepliaklqana
Kikubaaqudgha
Makhleb
Nemelex Xobeh
Okawaru
Qazlal
Ru
Sif Muna
Trog
Uskayaw
Vehumet
Wu Jian
Xom
Yredelemnul
Zin
The Shining One

Shops:
D:4 :

Annotations:
Lair:5 3 runed translucent doors, exclusion: oklob plant, Caalel's ghost, journeyman MiBe
Lair:6 exclusion: oklob plant


Innate Abilities, Weirdness & Mutations

You are resistant to torment.
Your stone body is resilient. (AC +10)
You are immune to poison.
Your large and strong wings let you fly indefinitely.
You resist negative energy. (rN+)
You are resistant to electric shocks. (rElec)
You can survive without breathing.
You are immune to petrification.
You are immune to rotting.


Message History

The tyrant leech is moderately wounded.
You block the vampire mosquito's attack.
The vampire mosquito bites you but does no damage.
You block the bullfrog's attack.
You block the six-headed hydra's attack.
The six-headed hydra closely misses you.
The six-headed hydra bites you but does no damage.
The six-headed hydra barely misses you.
The six-headed hydra bites you but does no damage.
You block the six-headed hydra's attack.
The vampire mosquito bites you but does no damage.
The spiny frog stings you but does no damage.
You block the tyrant leech's attack. The tyrant leech bites you.
* * * LOW HITPOINT WARNING * * *
The bullfrog hits you but does no damage.
The six-headed hydra barely misses you. x2
You block the six-headed hydra's attack.
The six-headed hydra bites you but does no damage.
The six-headed hydra bites you!
You die...

#.....#...<.#.#...........#
#.............##...........
##P..#.....♣....##........+.
###P..##...#.#.#.........!..##
#....#.(..##.####.....##....##
##.#.#[..#######.#...###...##
#..#.#...##....#.#...###)P.#
##..........yw†............#
###♣.....♣..@F.♣....[♣...####
#.+.....(..wFD.........[.##..
##..##.........#.#....##......
#...........#.####...#.....P#.
##...##...##.##.#...##..÷..###
#.........####.....#.......#
##....#.....♣....##......###
###..###.(.....##..#.#'##
#....#.#.<..######.P..#


You could see a six-headed hydra, 2 tyrant leeches, a spiny frog, a vampire
mosquito and a bullfrog.

Vanquished Creatures
  Rupert (D:12)
  A minotaur (Gauntlet)
  Josephine (Lair:4)
  4 hydras
  2 catoblepae (Lair:3)
  A ghost crab (Gauntlet)
  2 two-headed ogres
  5 death yaks
  Nergalle (Lair:1)
  A fire crab (Gauntlet)
  A lindwurm (Lair:3)
  A deep elf mage (D:11)
  An ugly thing (D:11)
  A manticore (D:10)
  10 elephants
  9 black mambas
  A smoke demon (Gauntlet)
  A gargoyle (D:11)
  15 spiny frogs
  A torpor snail (Lair:3)
  3 rime drakes (Lair:3)
  11 komodo dragons
  3 trolls
  A polar bear (Lair:6)
  A tyrant leech (Lair:6)
  A hornet (D:7)
  8 hippogriffs
  16 blink frogs
  A snapping turtle (Lair:2)
  3 dream sheep (Lair:6)
  4 wraiths (Lair:4)
  Eustachio (D:5)
  A wyvern (Lair:5)
  38 yaks
  5 fire bats (Gauntlet)
  A hungry ghost (D:11)
  A basilisk (Lair:4)
  A steam dragon (D:12)
  4 vampire mosquitoes
  2 hell hounds (Gauntlet)
  8 water moccasins
  A soldier ant (D:12)
  8 porcupines
  An ice beast (D:10)
  8 orc warriors
  3 sky beasts (D:9)
  A black bear (D:10)
  A phantom (D:7)
  9 wolves
  A centaur (D:8)
  An eye of draining (D:10)
  4 ogres
  8 crocodiles
  2 big kobolds
  10 bullfrogs
  A gnoll sergeant (D:8)
  A wyvern zombie (D:12)
  A wyvern skeleton (D:10)
  3 scorpions
  14 killer bees
  3 electric eels
  A howler monkey (D:8)
  9 crimson imps
  5 centaur zombies
  A quasit (D:10)
  A hound (D:9)
  2 jellies
  13 orc wizards
  4 centaur skeletons
  15 orc priests
  A bullfrog zombie (D:7)
  4 iguanas
  5 worker ants
  2 hound skeletons
  2 howler monkey zombies
  15 adders
  4 gnolls (D:8)
  2 shadow imps
  An ooze (D:1)
  An adder skeleton (D:4)
  4 worms
  7 dart slugs
  2 leopard geckos
  44 orcs
  4 giant cockroaches
  10 goblins
  7 hobgoblins
  10 jackals
  4 quokkas
  6 ball pythons
  9 bats
  4 frilled lizards
  29 kobolds
  A leopard gecko skeleton (D:5)
  2 quokka skeletons
  8 rats
  A plant (D:6)
495 creatures vanquished.

Vanquished Creatures (others)
  10 fungi (Lair:6)
  30 plants (Lair:6)
  7 toadstools (Lair:3)
47 creatures vanquished.

Grand Total: 542 creatures vanquished

Notes
Turn   | Place    | Note
-------+----------+-------------------------------------------
     0 | D:1      | Fang the Gargoyle Berserker began the quest for the Orb.
     0 | D:1      | Reached XP level 1. HP: 14/14 MP: 1/1
   402 | D:1      | Reached XP level 2. HP: 16/19 MP: 2/2
   634 | D:1      | Reached XP level 3. HP: 21/23 MP: 3/3
   978 | D:2      | Found a faded altar of an unknown god.
  1020 | D:2      | Reached ** piety under Trog
  1307 | D:2      | Reached XP level 4. HP: 15/29 MP: 4/4
  1864 | D:3      | Reached skill level 4 in Fighting
  2071 | D:3      | Reached XP level 5. HP: 29/33 MP: 5/5
  2583 | D:3      | Found a blossoming altar of Fedhas.
  2610 | D:3      | Reached *** piety under Trog
  2699 | D:3      | Reached XP level 6. HP: 36/39 MP: 6/6
  2957 | D:4      | Found Ypsatu's Book Shoppe.
  2977 | D:4      | Found a staircase to the Ecumenical Temple.
  3155 | Temple   | Entered the Ecumenical Temple
  3215 | D:4      | Found the +10 morningstar "Eos" {elec, Halo rElec}
  3348 | D:4      | Found an ancient bone altar of Kikubaaqudgha.
  3718 | D:4      | Reached skill level 5 in Fighting
  3763 | D:4      | Reached XP level 7. HP: 29/44 MP: 7/7
  4082 | D:4      | Found an iron altar of Okawaru.
  4086 | D:5      | Entered Level 5 of the Dungeon
  4337 | D:5      | Noticed Eustachio
  4456 | D:5      | Killed Eustachio
  4512 | D:5      | Reached skill level 5 in Armour
  4670 | D:5      | Found a glowing silver altar of Zin.
  5092 | D:5      | Found a shimmering altar of Xom.
  5503 | D:6      | Reached XP level 8. HP: 51/51 MP: 8/8
  5697 | D:6      | Found a sacrificial altar of Ru.
  5931 | D:6      | Reached skill level 6 in Fighting
  5944 | D:6      | Reached **** piety under Trog
  6037 | D:6      | Found an iron altar of Okawaru.
  6061 | D:6      | Reached skill level 5 in Axes
  6485 | D:7      | Noticed a hippogriff
  6496 | D:7      | Killed a hippogriff
  7325 | D:7      | Reached skill level 7 in Fighting
  7325 | D:7      | Reached XP level 9. HP: 52/57 MP: 9/9
  7332 | D:7      | Noticed a hornet
  7349 | D:7      | Killed a hornet
  7349 | D:7      | Reached skill level 5 in Dodging
  7435 | D:7      | Found a white marble altar of Elyvilon.
  7524 | D:7      | Found a stormy altar of Qazlal.
  8179 | D:8      | Found a hazy altar of Hepliaklqana.
  8196 | D:8      | Reached skill level 1 in Shields
  8400 | D:8      | Reached ***** piety under Trog
  8684 | D:9      | Reached skill level 8 in Fighting
  8704 | D:9      | Noticed a troll
  8707 | D:9      | Killed a troll
  8707 | D:9      | Reached XP level 10. HP: 64/64 MP: 10/10
  8773 | D:9      | Found a staircase to the Lair.
  8797 | D:9      | Noticed a two-headed ogre
  8804 | D:9      | Killed a two-headed ogre
  8947 | D:9      | Found a staircase to the Orcish Mines.
  9005 | D:9      | Received a gift from Trog
  9022 | D:9      | Found a shattered altar of Ashenzari.
  9162 | D:9      | Noticed a moth of wrath
  9165 | D:9      | Found a bloodstained altar of Trog.
  9405 | D:10     | Entered Level 10 of the Dungeon
  9417 | D:10     | Reached skill level 9 in Fighting
  9575 | D:10     | Noticed a manticore
  9580 | D:10     | Killed a manticore
  9580 | D:10     | Reached skill level 5 in Shields
  9606 | D:10     | Reached XP level 11. HP: 59/71 MP: 11/11
 10261 | D:11     | Noticed a deep elf mage
 10271 | D:11     | Killed a deep elf mage
 10480 | D:11     | Noticed a two-headed ogre
 10488 | D:11     | Killed a two-headed ogre
 10512 | D:11     | Noticed a white ugly thing
 10518 | D:11     | Killed a white ugly thing
 10984 | D:12     | Reached skill level 10 in Fighting
 10993 | D:12     | Received a gift from Trog
 11126 | D:12     | Noticed Rupert
 11144 | D:12     | Killed Rupert
 11144 | D:12     | Reached skill level 10 in Armour
 11144 | D:12     | Reached XP level 12. HP: 44/78 MP: 12/12
 11495 | D:12     | Got a slimy mace
 11496 | D:12     | Identified the +9 mace of War {flame, rC+ Stlth+} (You
                  | found it on level 12 of the Dungeon)
 11948 | Lair:1   | Entered Level 1 of the Lair of Beasts
 12151 | Lair:1   | Noticed Nergalle
 12163 | Lair:1   | Killed Nergalle
 12186 | Lair:1   | Found a gate leading to a gauntlet.
 12209 | Gauntlet | Entered a Gauntlet
 12209 | Gauntlet | Found a transporter.
 12209 | Gauntlet | Found a transporter.
 12209 | Gauntlet | Found a large runed translucent door.
 12209 | Gauntlet | Found a large runed translucent door.
 12209 | Gauntlet | Found a large runed translucent door.
 12209 | Gauntlet | Found a large runed translucent door.
 12209 | Gauntlet | Found a large runed translucent door.
 12209 | Gauntlet | Found a large runed translucent door.
 12209 | Gauntlet | Found a runed translucent door.
 12209 | Gauntlet | Found a runed translucent door.
 12209 | Gauntlet | Found a large runed translucent door.
 12209 | Gauntlet | Found a large runed translucent door.
 12209 | Gauntlet | Found a large runed translucent door.
 12209 | Gauntlet | Found a large runed translucent door.
 12209 | Gauntlet | Found a large runed translucent door.
 12209 | Gauntlet | Found a large runed translucent door.
 12214 | Gauntlet | Found a transporter.
 12222 | Gauntlet | Found a transporter.
 12270 | Gauntlet | Found a transporter.
 12279 | Gauntlet | Noticed a ghost crab
 12363 | Gauntlet | Got a coiled ivory ring
 12385 | Gauntlet | Found a transporter.
 12448 | Gauntlet | Killed a ghost crab
 12460 | Gauntlet | Got a spiked helmet
 12466 | Gauntlet | Identified the +3 helmet of Kine {*Drain rElec rC- SInv}
                  | (You found it in a Gauntlet)
 12509 | Gauntlet | Found a transporter.
 12509 | Gauntlet | Noticed a blizzard demon
 12511 | Gauntlet | Found a transporter.
 12519 | Gauntlet | Found a transporter.
 12618 | Gauntlet | Found a transporter.
 12619 | Gauntlet | Noticed a blizzard demon
 12628 | Gauntlet | Got a pair of slimy boots
 12646 | Gauntlet | Identified the +6 shortbow of Hacking and Slashing {freeze,
                  | Str+4 Dex+2 SInv Stlth-}
 12646 | Gauntlet | Identified the cursed +1 plate armour "Mual" {*Slow Int-5
                  | Dex+10 Stlth+}
 12646 | Gauntlet | Identified the ring of Asiqim {*Slow rC+ Dex+7 Slay+2
                  | Stlth+}
 12646 | Gauntlet | Noticed a minotaur
 12656 | Gauntlet | Killed a minotaur
 12656 | Gauntlet | Reached skill level 11 in Fighting
 12719 | Lair:1   | Identified the -6 pair of boots "Zofud" {rPois Dex+2
                  | Stlth-} (You found it in a Gauntlet)
 12838 | Lair:1   | Identified the ring "Coyrchef" {rCorr Slay+3} (You found it
                  | in a Gauntlet)
 13561 | Lair:2   | Noticed a five-headed hydra
 13568 | Lair:2   | Killed a five-headed hydra
 13851 | Lair:2   | Found a staircase to the Shoals.
 13934 | Lair:2   | Reached XP level 13. HP: 74/84 MP: 13/13
 14337 | Lair:2   | Found the +6 arbalest "Damnation" {damnation}
 14668 | Lair:3   | Found a hole to the Spider Nest.
 15016 | Lair:3   | Found a runed translucent door.
 15378 | Lair:3   | Reached skill level 10 in Axes
 15739 | Lair:3   | Received a gift from Trog
 15978 | Spider:1 | Entered Level 1 of the Spider Nest
 16154 | Lair:4   | Noticed Josephine
 16161 | Lair:4   | Killed Josephine
 16161 | Lair:4   | Reached skill level 12 in Fighting
 16389 | Lair:4   | Reached skill level 10 in Shields
 16465 | Lair:4   | Found a dark tunnel.
 16504 | Lair:4   | Found a frozen archway.
 16933 | Lair:5   | Gained mutation: Your large and strong wings let you fly
                  | indefinitely. [Gargoyle growth]
 16933 | Lair:5   | Reached XP level 14. HP: 92/92 MP: 14/14
 17289 | Lair:5   | Found a runed translucent gate.
 17289 | Lair:5   | Found a runed translucent gate.
 17289 | Lair:5   | Found a runed translucent gate.
 17296 | Lair:5   | Noticed Caalel's ghost (journeyman MiBe)
 17656 | Lair:6   | Entered Level 6 of the Lair of Beasts
 17793 | Lair:6   | Reached skill level 10 in Dodging
 17996 | Lair:6   | Reached skill level 13 in Fighting
 18006 | Lair:5   | Slain by a six-headed hydra

Levels and vault maps discovered:
D:1:      dpeg_arrival_castle, layout_basic, st_stairs_6
D:2:      layout_loops_ring, chequers_ecumenical_altar_simple_redux,
          first_ration
D:3:      layout_loops_cross, lemuel_crystal_altar, minmay_misc_feat_tower,
          kennysheep_pointless_box, minmay_shallow_snake_nest
D:4:      layout_cave_pools, nicolae_overflow_crystal_walls,
          kennysheep_mini_moat, minmay_temple_entry_large_hall, serial_shops,
          shop_fountains
D:5:      cheibrodos_iron_armory, layout_basic, zin_academy, marbit_many_paths,
          chequers_serial_rivers_micro_a, uniq_eustachio
D:6:      kennysheep_kobold_camp, layout_basic, nicolae_ru_awakened_eye,
          okawaru_metal_pillars_3
D:7:      layout_rooms, elyvilon_altar_3, nicolae_qazlal_general_emergency
D:8:      layout_cave_pools, lemuel_crystal_altar
D:9:      layout_irregular_city, tgw_trog, lair_entry_dummy, david_orc_4,
          basic_altar
D:10:     layout_loops_ring
D:11:     layout_basic
D:12:     layout_small_grid, uniq_rupert
Temple:   nicolae_temple_no_exploring_needed
Lair:1:   layout_gridlike, gauntlet_entry_generic, uniq_nergalle
Lair:2:   layout_layer_cave, minmay_shoals_entry_hut, minivault_25,
          minmay_lindwurm_lava, lemuel_fruit_tree
Lair:3:   gammafunk_lair_enchanted_lake, layout_cave_pods,
          spider_nest_entry_web_field, chequers_serial_rivers_micro_d,
          beast_lair_carwin_9, serial_bayou_shore_a
Lair:4:   layout_cave_pods, portal_ice_cave_entry_pillars_2,
          nicolae_volcano_entry_hallway, uniq_josephine
Lair:5:   layout_roguey, ebering_ghost_rock_garden, grunt_megastairs_5
Lair:6:   minmay_lair_end_frog_pond, layout_loops_ring,
          minmay_slime_entry_oklob_open, chequers_serial_rivers_micro_d
Spider:1: layout_spider_delve, guppyfry_hornet_nest

Skill      XL: |  1  2  3  4  5  6  7  8  9 10 11 12 13 14 |
---------------+-------------------------------------------+-----
Axes           | 3 4 5 6 7 8 9 10 11 | 11.2
Dodging        | 2 3 4 5 6 7 8 9 10 | 10.2
Armour         | 3 4 5 6 7 8 10 11 12 | 12.8
Fighting       | 4 5 7 8 9 10 11 12 13 | 13.0
Shields        | 2 5 7 8 10 11 | 11.1

Action                   |  1- 3 |  4- 6 |  7- 9 | 10-12 | 13-15 || total
-------------------------+-------+-------+-------+-------+-------++-------
Melee: Hand axe          |   109 |   264 |   506 |       |       ||   879
       Morningstar       |       |       |    42 |   399 |   377 ||   818
       Mace              |       |       |       |     4 |    37 ||    41
Invok: Berserk           |     1 |     3 |     5 |     4 |     6 ||    19
       Trog's Hand       |       |       |     2 |     2 |     1 ||     5
 Abil: Fly               |       |       |       |       |     1 ||     1
  Use: Scroll            |       |       |    19 |    10 |     8 ||    37
 Stab: Sleeping          |     1 |       |       |       |       ||     1
  Eat: Chunk             |     2 |    11 |    15 |    19 |    19 ||    66
       Ration            |       |       |     2 |     1 |       ||     3
Armor: Animal skin       |    41 |    15 |       |       |       ||    56
       Chain mail        |       |   169 |   456 |       |       ||   625
       Plate armour      |       |       |    50 |   436 |   555 ||  1041
Dodge: Dodged            |    77 |    77 |   209 |   196 |   495 ||  1054
Block: Shield            |       |   106 |   276 |   302 |   543 ||  1227
